 Dungeon Crawl Stone Soup version 0.25-a0-842-g81a31cfd23 (webtiles) character file.

Game seed: 17300999765056740888, levelgen mode: deterministic

5218 Maedhros the Blocker (level 10, -1/63 HPs)
             Began as an Octopode Fighter on Apr 25, 2020.
             Was a Follower of Zin.
             Slain by an unseen horror (7 damage)
             ... on level 11 of the Dungeon.
             The game lasted 00:13:33 (9201 turns).

Maedhros the Blocker (Octopode Fighter)             Turns: 9201, Time: 00:13:34

Health: -1/63      AC:  1    Str: 16    XL:     10   Next: 61%
Magic:  13/13      EV: 14    Int: 10    God:    Zin [*.....]
Gold:   64         SH: 12    Dex: 15    Spells: 9/9 levels left

rFire    . . .     SeeInvis .   a - +0 trident
rCold    + . .     Gourm    .   b - +0 kite shield
rNeg     . . .     Faith    .   (helmet restricted)
rPois    .         Spirit   .   (no amulet)
rElec    .         Reflect  .   f - ring of protection from cold
rCorr    .         Harm     .   (no ring)
MR       .....                  (no ring)
Stlth    ++........             (no ring)
HPRegen  0.20/turn              (no ring)
MPRegen  0.13/turn              (no ring)
                                (no ring)
                                (no ring)

@: brilliant
A: almost no armour, stealthy swim, amphibious, 8 rings, constrict 8, camouflage
1, gelatinous body 1
a: Recite, Donate Gold, Renounce Religion


You were on level 11 of the Dungeon.
You worshipped Zin.
Zin was aware of your devotion.
You were hungry.

You visited 2 branches of the dungeon, and saw 12 of its levels.
You also visited: Sewer.

You collected 123 gold pieces.
You spent 33 gold pieces at shops.
You donated 26 gold pieces to Zin.

Inventory:

Hand Weapons
 a - a +0 trident (weapon)
Armour
 b - a +0 kite shield (worn)
Jewellery
 f - a ring of protection from cold (left tentacle)
Wands
 o - a wand of digging (6)
Scrolls
 c - a scroll of blinking {unknown}
 e - 8 scrolls of identify {unknown}
 g - 4 scrolls of remove curse {unknown}
 j - 3 scrolls of enchant weapon {unknown}
 l - 2 scrolls of fog {unknown}
 m - a scroll of noise {unknown}
Potions
 h - 3 potions of magic
Comestibles
 d - 4 rations


   Skills:
 + Level 4.1 Fighting
 - Level 10.2 Polearms
 + Level 4.1 Dodging
 - Level 10.5 Shields
 * Level 4.4 Invocations


You had 9 spell levels left.
You didn't know any spells.
Your spell library was empty.

Dungeon Overview and Level Annotations

Branches:
Dungeon (11/15)            Temple (1/1) D:7           Sewer (visited)
   Lair: D:8-11         Orc: D:9-12

Altars:
Ashenzari
Cheibriados
Dithmenos
Elyvilon
Fedhas
Gozag
Kikubaaqudgha
Makhleb
Nemelex Xobeh
Okawaru
Qazlal
Ru
Sif Muna
Uskayaw
Vehumet
Xom
Yredelemnul
Zin
The Shining One

Shops:
D:6 ?

Annotations:
D:8 Grum, Maurice
D:9 2 transporters, Avesha's ghost, novice MiBe


Innate Abilities, Weirdness & Mutations

You cannot wear most types of armour.
You are very stealthy in the water. (Stealth+)
You are amphibious.
You can wear up to eight rings at the same time.
You can use your tentacles to constrict eight enemies at once.
Your skin changes colour to match your surroundings (Stealth+).
Your rubbery body absorbs attacks. (AC +1, EV +1)


Message History

Found a fuming pink potion.
Found a ration and a silver ring.
d - 4 rations (gained 1)
f - a silver ring
f - a ring of protection from cold (left tentacle)
Found a ration.
Found an escape hatch in the ceiling.
You start resting.
Something hits you.
Deactivating autopickup; reactivate with Ctrl-A.
You block something's attack.
You start resting.
Something hits you.
* * * LOW HITPOINT WARNING * * *
Something hits you!
* * * LOW HITPOINT WARNING * * *
A hound comes into view.
Okay, then.
It was a potion of brilliance.
You feel clever all of a sudden. Something hits you!
You die...

###### #.@..#
####.##.# #....# .#
####### #....+ ..
......# #....# .h
......######....###
%<
..................#
.
....................
..................##


You could see a hound (wandering).

Vanquished Creatures
  A troll (D:9)
  Grinder (D:4)
  Sigmund (D:6)
  2 yaks (D:11)
  A hungry ghost (D:9)
  A soldier ant (D:10)
  2 ice beasts (D:6)
  3 orc warriors
  A sky beast (D:6)
  5 ogres
  3 phantoms
  5 centaurs
  A crocodile (D:9)
  3 big kobolds
  6 bullfrogs
  A scorpion (D:6)
  A water moccasin skeleton (D:5)
  12 killer bees
  3 howler monkeys
  2 crimson imps
  2 bullfrog zombies
  A jelly (D:10)
  2 centaur skeletons
  5 hounds
  A quasit (D:7)
  2 orc priests
  4 orc wizards
  2 bullfrog skeletons
  6 worker ants
  12 adders
  3 river rats (Sewer)
  2 shadow imps
  4 oozes
  An adder zombie (D:5)
  4 worms
  10 leopard geckos
  17 orcs
  6 bats
  8 giant cockroaches
  4 goblins
  3 hobgoblins
  11 jackals
  17 kobolds
  4 quokkas
  4 ball pythons
  A frilled lizard (D:1)
  A jackal skeleton (D:5)
  9 rats
201 creatures vanquished.

Vanquished Creatures (others)
  14 fungi (D:8)
14 creatures vanquished.

Grand Total: 215 creatures vanquished

Notes
Turn   | Place    | Note
-------+----------+-------------------------------------------
     0 | D:1      | Maedhros the Octopode Fighter began the quest for the Orb.
     0 | D:1      | Reached XP level 1. HP: 16/16 MP: 1/1
    49 | D:1      | Reached XP level 2. HP: 19/21 MP: 2/2
   194 | D:1      | Reached XP level 3. HP: 23/26 MP: 3/3
   451 | D:2      | Reached XP level 4. HP: 20/31 MP: 4/4
   648 | D:2      | Noticed an orc warrior
   672 | D:2      | Killed an orc warrior
   672 | D:2      | Reached XP level 5. HP: 30/36 MP: 5/5
   860 | D:3      | Found a shadowy altar of Dithmenos.
   861 | D:3      | Found an iron altar of Okawaru.
   861 | D:3      | Found a basalt altar of Yredelemnul.
   889 | D:4      | Noticed Grinder
   896 | D:4      | Killed Grinder
   896 | D:4      | Reached skill level 5 in Polearms
   896 | D:4      | Reached skill level 5 in Shields
   896 | D:4      | Reached XP level 6. HP: 41/42 MP: 6/6
  1018 | D:4      | Reached XP level 7. HP: 37/46 MP: 7/7
  1021 | D:4      | Found a glowing drain.
  1034 | Sewer    | Entered a sewer
  1642 | D:5      | Entered Level 5 of the Dungeon
  2259 | D:4      | Reached XP level 8. HP: 44/52 MP: 8/8
  2411 | D:4      | Found a shadowy altar of Dithmenos.
  2768 | D:5      | Found an opulent altar of Gozag.
  3597 | D:6      | Noticed Sigmund
  3879 | D:6      | Killed Sigmund
  3879 | D:6      | Reached XP level 9. HP: 30/56 MP: 9/9
  3951 | D:6      | Found Ijigaaja's Magic Scroll Emporium.
  3960 | D:6      | Bought a scroll of teleportation for 33 gold pieces
  5362 | D:7      | Found a staircase to the Ecumenical Temple.
  5372 | Temple   | Entered the Ecumenical Temple
  5418 | Temple   | Became a worshipper of Zin the Law-Giver
  5418 | Temple   | Reached * piety under Zin
  5552 | D:7      | Found a snail-covered altar of Cheibriados.
  5565 | D:7      | Found a sparkling altar of Nemelex Xobeh.
  6427 | D:7      | Reached skill level 10 in Shields
  6815 | D:7      | Reached XP level 10. HP: 60/63 MP: 10/10
  6819 | D:7      | Reached skill level 10 in Polearms
  7709 | D:8      | Noticed Maurice
  7857 | D:8      | Found a burning altar of Makhleb.
  7944 | D:8      | Noticed Grum
  8037 | D:9      | Noticed a purple ugly thing
  8083 | D:9      | Reached skill level 1 in Invocations
  8092 | D:9      | Found a transporter.
  8097 | D:9      | Found a transporter.
  8106 | D:9      | Noticed Avesha's ghost (novice MiBe)
  8381 | D:10     | Entered Level 10 of the Dungeon
  9155 | D:11     | Noticed a cyan ugly thing
  9165 | D:11     | Noticed a centaur warrior
  9173 | D:11     | Noticed a two-headed ogre
  9201 | D:11     | Slain by an unseen horror

Levels and vault maps discovered:
D:1:      ebering_hopf_link, layout_rooms, kennysheep_decorative_pillar,
          minmay_misc_feat_square, hex_medium, chequers_decorated_corner
D:2:      layout_basic, first_ration
D:3:      layout_loops_cross, chequers_temple_overflow_statue_of_worship
D:4:      layout_basic, portal_sewer_entry_f, grunt_dithmenos_smoke,
          uniq_grinder
D:5:      minmay_angry_zag, layout_basic, grunt_gozag_breadcrumbs
D:6:      layout_basic, serial_shops, shop, minmay_misc_feat_plants,
          minmay_misc_feat_tiny, uniq_sigmund
D:7:      layout_layer_cave, lemuel_doored_altar,
          nicolae_overflow_crystal_walls, minmay_temple_entry_grid
D:8:      minmay_polygon_palace, layout_basic, kennysheep_mini_moat,
          due_lair_maze_entry_diamond, basic_altar, the_bakery, led_sif_pool,
          uniq_maurice, uniq_harold, uniq_grum
D:9:      layout_loops_ring, tgw_trog, basic_altar, gammafunk_ghost_hive
D:10:     layout_basic, kennysheep_small_square
D:11:     layout_irregular_city, orc_0_dummy, grunt_ministairs_13, minivault_19
Temple:   eino_temple_water

Skill      XL: |  1  2  3  4  5  6  7  8  9 10 |
---------------+-------------------------------+-----
Polearms       | 3 4 5 6 8 9 10 | 10.2
Shields        | 4 5 6 8 10 | 10.5
Invocations    | 4 |  4.4
Fighting       | 4 |  4.1
Dodging        | 4 |  4.1

Action                   |  1- 3 |  4- 6 |  7- 9 | 10-12 || total
-------------------------+-------+-------+-------+-------++-------
Melee: Trident           |    70 |    55 |   402 |   211 ||   738
       Constrict         |    18 |    11 |    70 |    16 ||   115
       Tentacles         |     7 |     5 |    92 |    34 ||   138
Invok: Recite            |       |       |     1 |     1 ||     2
Evoke: Wand              |       |       |     3 |     1 ||     4
  Use: Potion            |       |     4 |     9 |     6 ||    19
       Scroll            |       |       |     4 |     4 ||     8
 Stab: Sleeping          |     6 |     4 |    13 |     2 ||    25
       Distracted        |       |     1 |     2 |       ||     3
       Invisible         |       |       |       |     6 ||     6
  Eat: Chunk             |       |       |    16 |     2 ||    18
       Ration            |       |       |     1 |     2 ||     3
Armor: Skin              |     3 |     2 |     8 |     7 ||    20
Dodge: Dodged            |    21 |    10 |   138 |    69 ||   238
Block: Kite shield       |    21 |    11 |   184 |   109 ||   325

Table legend:
 A = Non-vault XP
 B = Vault XP
 C = Vault XP percentage of total XP
 D = Non-vault monster count
 E = Vault monster count
 F = Vault count percentage of total count
                 A         B        C        D         E       F
            +---------+---------+-------+---------+---------+-------
      Total |    6308 |    1147 |  15.4 |     167 |      34 |  16.9
            +---------+---------+-------+---------+---------+-------
        D:1 |      51 |       0 |   0.0 |      28 |       0 |   0.0
        D:2 |     229 |       0 |   0.0 |      15 |       0 |   0.0
        D:3 |      15 |       0 |   0.0 |       7 |       0 |   0.0
        D:4 |     314 |     281 |  47.2 |      15 |       5 |  25.0
        D:5 |     637 |     199 |  23.8 |      19 |       4 |  17.4
        D:6 |    1379 |     242 |  14.9 |      25 |       1 |   3.8
        D:7 |    1468 |       0 |   0.0 |      31 |       0 |   0.0
        D:9 |     548 |     103 |  15.8 |       4 |       1 |  20.0
       D:10 |    1103 |       0 |   0.0 |      17 |       0 |   0.0
       D:11 |     562 |       0 |   0.0 |       5 |       0 |   0.0
     Temple |       2 |       0 |   0.0 |       1 |       0 |   0.0
      Sewer |       0 |     322 | 100.0 |       0 |      23 | 100.0
            +---------+---------+-------+---------+---------+-------
